 Dungeon Crawl Stone Soup version 0.29.1-2-gbd0b4ee654 (webtiles) character file.

Game seed: 15380256168371514071

91 fantasyman the Covered (level 4, 0/41 HPs)
             Began as a Minotaur Fighter on Nov 17, 2022.
             Killed by divine providence
             ... invoked by an orc priest
              (12 damage)
             ... on level 3 of the Dungeon.
             The game lasted 00:01:55 (1699 turns).

fantasyman the Covered (Minotaur Fighter)           Turns: 1699, Time: 00:01:56

Health: 0/41       AC: 10    Str: 22    XL:     4   Next: 33%
Magic:  3/3        EV: 10    Int:  5    God:
Gold:   148        SH:  4    Dex: 10    Spells: 3/3 levels left

rFire   . . .      SeeInvis .   a - +0 war axe
rCold   . . .      Faith    .   c - +0 buckler
rNeg    . . .      Spirit   .   l - +4 ring mail
rPois   .          Reflect  .   (helmet restricted)
rElec   .          Harm     .   (no cloak)
rCorr   .          Rampage  .   (no gloves)
Will    .....                   (no boots)
Stlth   ..........              (no amulet)
HPRegen 0.13/turn               (no ring)
MPRegen 0.08/turn               (no ring)

@: no status effects
A: horns 2, retaliatory headbutt
a: no special abilities


You were on level 3 of the Dungeon.
You visited 1 branch of the dungeon, and saw 3 of its levels.

You collected 148 gold pieces.

Inventory:

Hand Weapons
 a - a +0 war axe (weapon)
Armour
 c - a +0 buckler (worn)
 l - a +4 ring mail (worn)
Scrolls
 f - a scroll of fear {unknown}
 n - a scroll of identify {unknown}
Potions
 b - a potion of attraction {unknown}
 d - 2 potions of might
 e - a potion of haste {unknown}
 g - a potion of resistance {unknown}
 h - a potion of cancellation {unknown}
 i - 2 potions of curing {unknown}
 j - 2 potions of magic {unknown}
 k - a potion of flight {unknown}
 m - a potion of heal wounds {unknown}


   Skills:
 + Level 4.3 Fighting
 + Level 3.9 Axes
 + Level 4.5 Armour
 + Level 4.0 Shields


You had 3 spell levels left.
You didn't know any spells.
Your spell library was empty.

Dungeon Overview and Level Annotations

Branches:
Dungeon (3/15)

Altars:
Wu Jian


Innate Abilities, Weirdness & Mutations

You have a pair of horns on your head.
You reflexively headbutt those who attack you in melee.


Message History

You block the orc's attack.
You are too injured to fight recklessly!
You are too injured to fight recklessly!
You are too injured to fight recklessly!
You are too injured to fight recklessly!
You are too injured to fight recklessly!
You are too injured to fight recklessly!
You are too injured to fight recklessly!
You are too injured to fight recklessly!
You are too injured to fight recklessly!
You are too injured to fight recklessly!
You are too injured to fight recklessly!
You are too injured to fight recklessly!
You are too injured to fight recklessly!
You are too injured to fight recklessly!
You are too injured to fight recklessly!
You are too injured to fight recklessly!
You are too injured to fight recklessly!
You are too injured to fight recklessly!
You are too injured to fight recklessly!
You are too injured to fight recklessly!
You are too injured to fight recklessly!
You are too injured to fight recklessly!
You are too injured to fight recklessly!
You are too injured to fight recklessly!
You are too injured to fight recklessly!
You are too injured to fight recklessly!
You are too injured to fight recklessly!
You slash the orc!
You kill the orc!
You barely miss the orc priest. The orc priest barely misses you.
You furiously retaliate!
You headbutt the orc priest. You hit the orc priest.
The orc priest is moderately wounded.
You block the orc priest's attack.
You slash the orc priest!
The orc priest is almost dead.
The orc priest calls down the wrath of Beogh upon you.
Beogh smites you!
You die...

##..............................
##.............#...............
#.............#...............
......#...####.#.#............##.
...#..#...##.#...##...#.........
..##..#..)##......#...#######...
.# ...#...##.#........#. #
....#..)..............
.....#........)@.##....
####...?.o))# ##. #..........
###......#... #......#.....
####.... .... #.... ###. #.....


You could see an orc priest.

Vanquished Creatures
  2 adders (D:2)
  A gnoll (D:1)
  3 orcs (D:3)
  9 ball pythons
  5 endoplasms
  5 giant cockroaches
  7 goblins
  4 hobgoblins
  7 kobolds
  2 quokkas
  4 bats (D:2)
  3 frilled lizards
  5 rats
57 creatures vanquished.

Vanquished Creatures (others)
  3 fungi (D:2)
  A plant (D:2)
4 creatures vanquished.

Grand Total: 61 creatures vanquished

Notes
Turn   | Place    | Note
-------+----------+-------------------------------------------
     0 | D:1      | fantasyman the Minotaur Fighter began the quest for the
                  | Orb.
     0 | D:1      | Reached XP level 1. HP: 19/19 MP: 0/0
   118 | D:1      | Reached XP level 2. HP: 27/27 MP: 1/1
   439 | D:1      | Reached XP level 3. HP: 30/33 MP: 2/2
  1064 | D:2      | Found an ornate altar of the Wu Jian Council.
  1273 | D:2      | Reached XP level 4. HP: 40/40 MP: 3/3
  1353 | D:2      | Found a faded altar of an unknown god.
  1699 | D:3      | Killed from afar by an orc priest

Illustrated notes

Levels and vault maps discovered:
D:1:      wander_arrival_desolate, layout_rooms
D:2:      layout_basic, dreamdust_ecumenical_altar_angels_and_demons,
          basic_altar, grunt_ministairs_14, minmay_misc_feat_x,
          dreamdust_mushroom_princess, minmay_misc_feat_plants,
          chequers_serial_rivers_micro_c, guppyfry_early_lair_pool
D:3:      layout_basic, lemuel_round_altar, mainiacjoe_overflow_alcove_4,
          mainiacjoe_overflow_catwalk

Skill      XL: |  1  2  3 |
---------------+----------+-----
Armour         | 4 |  4.5
Fighting       | 4 |  4.3
Shields        | 4 |  4.0
Axes           | 3 |  3.9

Action                   |  1- 3 |  4- 6 || total
-------------------------+-------+-------++-------
Melee: War axe           |    94 |    25 ||   119
       Headbutt          |    11 |     4 ||    15
  Use: Scroll            |     2 |       ||     2
Armor: Scale mail        |    34 |       ||    34
       Ring mail         |    12 |    14 ||    26
Dodge: Dodged            |    42 |    12 ||    54
Block: Buckler           |    16 |     8 ||    24
